 Dungeon Crawl Stone Soup version 0.26-a0-597-gb535b0901c (webtiles) character file.

Game seed: 405172621889759185

(classic levelgen) 150 EnegeticOcto the Covered (level 5, -4/49 HPs)
             Began as a Deep Dwarf Fighter on Aug 26, 2020.
             Slain by an ogre
             ... wielding a +0 giant spiked club
              (21 damage)
             ... on level 4 of the Dungeon.
             The game lasted 00:00:33 (667 turns).

EnegeticOcto the Covered (Deep Dwarf Fighter)        Turns: 667, Time: 00:00:33

Health: -4/49      AC:  9    Str: 21    XL:     5   Next: 10%
Magic:  5/5        EV:  7    Int:  8    God:
Gold:   52         SH:  9    Dex: 12    Spells: 4/4 levels left

rFire    . . .     SeeInvis .   a - +0 war axe
rCold    . . .     Faith    .   c - +0 kite shield
rNeg     . . .     Spirit   .   b - +0 scale mail
rPois    .         Reflect  .   (no helmet)
rElec    .         Harm     .   (no cloak)
rCorr    .                      (no gloves)
MR       .....                  l - +1 pair of boots
Stlth    ..........             (no amulet)
HPRegen  0.00/turn              (no ring)
MPRegen  0.09/turn              (no ring)

@: non-regenerating, slowed, very slow
A: damage resistance, heal wounds, sense surroundings 1, no regeneration
a: Heal Wounds


You were on level 4 of the Dungeon.
You visited 1 branch of the dungeon, and saw 4 of its levels.

You collected 52 gold pieces.

Inventory:

Hand Weapons
 a - a +0 war axe (weapon)
Armour
 b - a +0 scale mail (worn)
 c - a +0 kite shield (worn)
 l - a +1 pair of boots (worn)
Scrolls
 e - 4 scrolls of identify {unknown}
 g - 2 scrolls of blinking {unknown}
 h - a scroll of remove curse {unknown}
 i - a scroll of enchant armour {unknown}
 k - a scroll of immolation {unknown}
Potions
 d - a potion of might {@q3}
 f - 2 potions of lignification {unknown}
 j - a potion of curing {unknown}
 m - a potion of flight {unknown}


   Skills:
 + Level 3.3 Fighting
 * Level 4.0 Axes
 + Level 4.1 Armour
 + Level 4.1 Shields


You had 4 spell levels left.
You didn't know any spells.
Your spell library was empty.

Dungeon Overview and Level Annotations

Branches:
Dungeon (4/15)
 Temple: D:4-7

Altars:
Dithmenos


Innate Abilities, Weirdness & Mutations

You are resistant to damage.
You can heal yourself by infusing magical energy.
You passively map a small area around you.
You do not regenerate.


Message History

Natasha is moderately wounded.
Natasha claws you.
You closely miss Natasha.
Natasha is moderately wounded.
Natasha casts a spell at you. You resist with some effort.
Natasha wildly gestures.
Natasha shimmers violently.
Natasha closely misses you.
Your scale mail prevents you from hitting Natasha.
Natasha is moderately wounded.
Natasha stares at you and mumbles some strange words.
You feel yourself slow down.
You slash Natasha!
Natasha is almost dead.
Natasha stares at you and mumbles some strange words.
You feel as though you will be slow longer.
You block Natasha's attack.
You barely miss Natasha.
Natasha is almost dead.
You block Natasha's attack. Natasha claws you but does no damage.
You hit Natasha but do no damage.
Natasha is almost dead.
You block Natasha's attack.
Natasha mumbles some strange words.
Natasha shimmers violently.
Natasha completely misses you.
You closely miss Natasha.
Natasha is almost dead.
Natasha claws you.
Natasha stares at you and mumbles some strange words.
The magic dart hits you!
You are too injured to fight recklessly!
You are too injured to fight recklessly!
Natasha is nearby!
Natasha is nearby!
You feel much better. Natasha claws you. You block Natasha's attack.
You hit Natasha but do no damage.
Natasha is almost dead.
Natasha stares at you and mumbles some strange words.
You feel as though you will be slow longer.
Natasha claws you.
You miss Natasha.
Natasha is almost dead.
Natasha mumbles some strange words.
Natasha claws you but does no damage.
You slash Natasha!
You kill Natasha!
Natasha yowls pathetically as she dies!
The shadow imp disappears in a puff of smoke!
Your Axes skill increases to level 4!
You have reached level 5!
You hear a zap.
You hear a grinding noise.
Found 12 stones.
g - 2 scrolls labeled QOMIERGH KATA (gained 1)
An ogre comes into view. It is wielding a +0 giant spiked club.
The ogre shouts!
An ogre is nearby!
An ogre is nearby!
An ogre is nearby!
An ogre is nearby!
An ogre is nearby!
An ogre is nearby!
An ogre is nearby!
An ogre is nearby!
An ogre is nearby!
An ogre is nearby!
An ogre is nearby!
You hit the ogre but do no damage.
A frilled lizard comes into view.
You block the ogre's attack.
The ogre hits you with a +0 giant spiked club!!
You are too injured to fight recklessly!
You are too injured to fight recklessly!
You are too injured to fight recklessly!
You are too injured to fight recklessly!
You are too injured to fight recklessly!
You are too injured to fight recklessly!
You are too injured to fight recklessly!
You are too injured to fight recklessly!
You are too injured to fight recklessly!
You feel much better.
The ogre hits you with a +0 giant spiked club!!
You fail to use your ability.
The ogre hits you with a +0 giant spiked club.
You hit the ogre.
The ogre is lightly wounded.
The ogre hits you with a +0 giant spiked club!
* * * LOW HITPOINT WARNING * * *
You are too injured to fight recklessly!
You are too injured to fight recklessly!
You are too injured to fight recklessly!
You are too injured to fight recklessly!
You are too injured to fight recklessly!
You are too injured to fight recklessly!
You are too injured to fight recklessly!
You are too injured to fight recklessly!
You feel much better. You block the ogre's attack.
The ogre hits you with a +0 giant spiked club!!
You die...

#.......................
#.#..#..#####..##.#####.
#.#..#..#####.>.......#.
,
........................
#.#..#..#####..#.####.#.
#.#..#..# #..#.####.#.
*, # #. #..#
#..#......#. * ,,
..,#..# ..#####..#. .#
*#.@# , ...>.....#.
........Ol.....#####†.#.
........######. , .....
....#...# * ##.... *
........# ** , ..... ≈
......... ,, ..... ≈
#.(....##* * * #.#... ,
...#.. * #. ... , , <


You could see an ogre and a frilled lizard.

Vanquished Creatures
  A centaur (D:4)
  Natasha (D:4)
  2 adders
  An ooze (D:1)
  A giant cockroach (D:1)
  5 goblins
  A hobgoblin (D:2)
  9 jackals
  A bat (D:3)
  6 frilled lizards
  A kobold (D:1)
  A rat (D:1)
30 creatures vanquished.

Vanquished Creatures (others)
  14 toadstools (D:1)
14 creatures vanquished.

Grand Total: 44 creatures vanquished

Notes
Turn   | Place    | Note
-------+----------+-------------------------------------------
     0 | D:1      | EnegeticOcto the Deep Dwarf Fighter began the quest for the
                  | Orb.
     0 | D:1      | Reached XP level 1. HP: 20/20 MP: 1/1
    72 | D:1      | Reached XP level 2. HP: 20/27 MP: 2/2
   270 | D:2      | Reached XP level 3. HP: 22/34 MP: 3/3
   486 | D:3      | Found a shadowy altar of Dithmenos.
   609 | D:4      | Noticed a centaur
   623 | D:4      | Killed a centaur
   623 | D:4      | Reached XP level 4. HP: 30/42 MP: 4/4
   635 | D:4      | Noticed Natasha
   651 | D:4      | Killed Natasha
   651 | D:4      | Reached XP level 5. HP: 33/49 MP: 5/5
   662 | D:4      | Noticed an ogre
   667 | D:4      | Slain by an ogre

Illustrated notes

Levels and vault maps discovered:
D:1:      nagdon_arrival_zigzag_paths, layout_rooms, serial_bayou_pond_d,
          hex_tiny
D:2:      layout_basic, grunt_temple_overflow_open, tso_metal_star,
          hangedman_decor_opposing
D:3:      layout_loops_ring, tgw_trog, grunt_dithmenos_smoke_and_mirrors,
          minmay_vboxes
D:4:      layout_basic, grunt_gozag_statues, elyvilon_altar_3, okawaru_trees_1,
          minmay_temple_entry_nine_rooms, minivault_11, kennysheep_crisscross,
          uniq_natasha, uniq_menkaure, uniq_grinder

Skill      XL: |  1  2  3  4 |
---------------+-------------+-----
Fighting       | 3 |  3.3
Axes           | 3 4 |  4.0
Armour         | 4 |  4.1
Shields        | 4 |  4.1

Action                   |  1- 3 |  4- 6 || total
-------------------------+-------+-------++-------
Melee: War axe           |    92 |    14 ||   106
 Abil: Heal Wounds       |     2 |     3 ||     5
Armor: Scale mail        |    45 |     2 ||    47
Dodge: Dodged            |    46 |     3 ||    49
Block: Kite shield       |    62 |     7 ||    69

Table legend: (Time is in decaauts)
 A = Elapsed time spent in this place.
 B = Non-inter-level travel time spent in this place.
 C = Inter-level travel time spent in this place.
 D = Time resting spent in this place.
 E = Time spent auto-exploring this place.
 F = Levels seen in this place.
 G = Mean time per level.
                   A        B        C        D        E       F      G
               +--------+--------+--------+--------+--------+-----+--------+
         Total |    725 |    653 |     72 |      0 |    398 |   4 |  181.2 |
       Dungeon |    725 |    653 |     72 |      0 |    398 |   4 |  181.2 |
               +--------+--------+--------+--------+--------+-----+--------+

Top non-repeatable levels by time:
     D:1: 245 daAuts
     D:3: 228 daAuts
     D:4: 177 daAuts
     D:2: 74 daAuts
